 Dungeon Crawl Stone Soup version 0.32-a0-928-g1cae6b7ea0 (webtiles) character file.

Game seed: 6110047299771760089

148 Zonian the Digger (level 5, -3/28 HPs)
             Began as a Gargoyle Earth Elementalist on Apr 13, 2024.
             Slain by an iguana (11 damage)
             ... on level 4 of the Dungeon.
             The game lasted 00:05:27 (3091 turns).

Zonian the Digger (Gargoyle Earth Elementalist)     Turns: 3091, Time: 00:05:29

Health: -3/28      AC:  8    Str: 11    XL:     5   Next: 30%
Magic:  3/8        EV: 11    Int: 18    God:
Gold:   106        SH:  0    Dex: 10    Spells: 4/8 levels left

rFire   . . .        d - +0 whip (elec) {mace}
rCold   . . .        (no shield)
rNeg    + . .        a - +0 robe
rPois   ∞            q - +0 hat
rElec   +            (no cloak)
rCorr   .            o - +0 pair of gloves
SInv    .            k - +0 pair of boots
Will    .....        (no amulet)
Stlth   ++           (no ring)
HPRegen 0.24/turn    (no ring)
MPRegen 0.11/turn

%: no passive effects
@: very slightly contaminated, studying Shields
A: sickness immunity, AC +4, negative energy resistance 1, electricity
resistance, torment resistance 1, petrification resistance
a: no special abilities


You were on level 4 of the Dungeon.
You visited 1 branch of the dungeon, and saw 4 of its levels.

You collected 106 gold pieces.


Innate Abilities, Weirdness & Mutations

You are immune to sickness and miasma.
Your stone body is resilient. (AC +4)
You are immune to poison.
You resist negative energy. (rN+)
You are resistant to electric shocks. (rElec)
You are resistant to unholy torment.
You are immune to petrification.


   Skills:
 - Level 1.5 Dodging
 + Level 4.0 Stealth
 - Level 2.3 Spellcasting
 + Level 3.0 Conjurations
 + Level 4.8 Earth Magic


You had 4 spell levels left.
You knew the following spells:

 Your Spells              Type           Power      Damage    Failure   Level
a - Sandblast             Erth           38%        2d10      2%          1
b - Stone Arrow           Conj/Erth      32%        3d9       11%         3

Your spell library contained the following spells:

 Spells                   Type           Power      Damage    Failure   Level
 Passwall                 Erth           19%        N/A       7%          3
 Brom's Barrelling Bould  Conj/Erth      16%        2d4       34%         4
 Petrify                  Alch/Erth      10%        N/A       54%         4

Inventory:

Hand Weapons
 b - a +0 morningstar {mace}
   (You took it off an orc on level 3 of the Dungeon)
 c - a +0 war axe {axe}
   (You found it on level 1 of the Dungeon)
 d - a +0 whip of electrocution (weapon) {mace}
   (You took it off a kobold on level 1 of the Dungeon)
Missiles
 n - 5 boomerangs {throwing}
Armour
 a - a +0 robe (worn)
 k - a +0 pair of boots (worn)
   (You found it on level 2 of the Dungeon)
 o - a +0 pair of gloves (worn)
   (You found it on level 2 of the Dungeon)
 q - a +0 hat (worn)
   (You found it on level 2 of the Dungeon)
Scrolls
 g - 2 scrolls of noise {unknown}
 h - a scroll of revelation {unknown}
 j - 2 scrolls of vulnerability {unknown}
 l - a scroll of blinking {unknown}
 m - 2 scrolls of teleportation {unknown}
 r - a scroll of fog {unknown}
 s - a scroll of torment {unknown}
 v - a scroll of acquirement {unknown}
Potions
 f - 5 potions of curing {@q1}
 i - a potion of attraction {!q}
 p - 2 potions of mutation {!q}
 t - a potion of brilliance {unknown}
 u - 2 potions of resistance

Dungeon Overview and Level Annotations

Branches:
Dungeon (4/15) Zot: 20863
 Temple: D:4-7

Altars:
Xom

... .###...###.#.) .###.
.#.###.#..... #..
#...#...#.#.#
#...#####...#...#...# .
#...#...#...#...#..##
#.## #.....#.###.##..#
##... ##...###...###...
#.....#.###.#.....##.###
#l@.#...#...#.#.#
#...#...#####.#
#...#...# # .#.###.#.
.###. .###. ## ... # .
##


You could see an iguana.


Message History

You have reached level 5! 😕 HP[+4] MP[-1]
You now have 28 max hp (+4).
You regained 4 hp, and now have 24/28 hp.
Found a stone staircase leading up. 😎 HP[+4] MP[+4]
Your hp is fully restored (28).
Your mp is fully restored (8).
An endoplasm and an adder come into view.
Unknown command.
The blast of sand hits the adder!
You kill the adder!
The endoplasm quivers.
Your Stealth skill increases to level 4! 😎 MP[-1]
You lost 1 mp, and now have 7/8 mp.
You can't see any susceptible monsters within range! (Use Z to cast anyway.)
You can't see any susceptible monsters within range! (Use Z to cast anyway.) Unknown command.
This spell is quite dangerous to cast!
You start memorising the spell.
You continue memorising. x3
You finish memorising.
Spell assigned to 'b'.
Unknown command.
The blast of sand hits the endoplasm!
You kill the endoplasm! 😎 MP[-1]
You lost 1 mp, and now have 6/8 mp.
You can't see any susceptible monsters within range! (Use Z to cast anyway.) Unknown command.
Unknown command.
Key pressed, stopping explore.
Found a stone staircase leading down. 😎 MP[+2]
Your mp is fully restored (8).
Unknown command.
A goblin comes into view. It is wielding a +0 dagger.
A goblin is nearby!
Unknown command.
The blast of sand hits the goblin.
You kill the goblin! 😎 MP[-1]
You lost 1 mp, and now have 7/8 mp.
You can't see any susceptible monsters within range! (Use Z to cast anyway.)
You can't see any susceptible monsters within range! (Use Z to cast anyway.) Unknown command.
A ball python comes into view. 😎 MP[+1]
Your mp is fully restored (8).
A ball python is nearby!
Unknown command.
The blast of sand hits the ball python!
You kill the ball python! 😎 MP[-1]
You lost 1 mp, and now have 7/8 mp.
You can't see any susceptible monsters within range! (Use Z to cast anyway.)
You can't see any susceptible monsters within range! (Use Z to cast anyway.) Unknown command.
An iguana comes into view. 😎 MP[+1]
Your mp is fully restored (8).
An iguana is nearby!
Unknown command.
The blast of sand hits the iguana but does no damage.
The iguana hisses angrily. 😎 MP[-1]
You lost 1 mp, and now have 7/8 mp.
The blast of sand hits the iguana.
The iguana bites you. The iguana bites you! 😮 HP[-12] MP[-1]
You take 12 damage, and now have 16/28 hp.
MASSIVE DAMAGE!! (PAUSE)
You lost 1 mp, and now have 6/8 mp.
Casting: Sandblast (safe; 2% risk of failure)
Confirm with . or Enter, or press ? or * to list all spells.
Aiming: Sandblast (safe; 2% risk of failure)
Press: ? - help, Shift-Dir - straight line, f/p - iguana
Aim: an iguana (heavily wounded, 84% to hit)
The blast of sand hits the iguana.
The iguana bites you but does no damage. 😮 MP[-1]
You lost 1 mp, and now have 5/8 mp.
Unknown command.
Casting: Sandblast (safe; 2% risk of failure)
Confirm with . or Enter, or press ? or * to list all spells.
Aiming: Sandblast (safe; 2% risk of failure)
Press: ? - help, Shift-Dir - straight line, f/p - iguana
Aim: an iguana (almost dead, 84% to hit)
You miscast Sandblast.
You are very lightly contaminated with residual magic.
Nothing appears to happen.
The iguana barely misses you. 😮 HP[+1] MP[-1]
You lost 1 mp, and now have 4/8 mp.
Casting: Sandblast (safe; 2% risk of failure)
Confirm with . or Enter, or press ? or * to list all spells.
Aiming: Sandblast (safe; 2% risk of failure)
Press: ? - help, Shift-Dir - straight line, f/p - iguana
Aim: an iguana (almost dead, 84% to hit)
The blast of sand hits the iguana but does no damage.
The iguana bites you!
* * * LOW HITPOINT WARNING * * *
The iguana bites you!
You die...

Skill      XL: |  1  2  3  4  5 |
---------------+----------------+-----
Earth Magic    | 4 |  4.8
Stealth        | 3 4 |  4.0
Conjurations   | 2 3 |  3.0
Dodging        | |  1.5
Spellcasting   | |  2.3

Action                     |  1- 3 |  4- 6 || total
---------------------------+-------+-------++-------
  Melee: War axe           |    13 |       ||    13
         Whip              |    40 |    28 ||    68
   Cast: Sandblast         |    15 |    51 ||    66
    Use: Scroll            |       |     4 ||     4
         Potion            |       |     1 ||     1
   Stab: Sleeping          |     3 |       ||     3
 Armour: Robe              |    28 |    45 ||    73
  Dodge: Dodged            |    28 |    37 ||    65

Levels and vault maps discovered:
D:1:      minmay_arrival_nine_rooms, layout_loops_ring, nrook_campfire
D:2:      layout_basic, basic_altar, guppyfry_early_lair_pool, uniq_jessica
D:3:      layout_basic
D:4:      nicolae_cairo_tiling, layout_basic, marbit_many_paths,
          tso_oasis_becter, lemuel_tele_altar, uniq_menkaure, uniq_blork_the_orc

Notes
Turn   | Place    | Note
-------+----------+-------------------------------------------
     0 | D:1      | Zonian the Gargoyle Earth Elementalist began the quest for
                  | the Orb.
     0 | D:1      | Reached XP level 1. HP: 10/10 MP: 3/3
     0 | D:1      | magus.rc [v1.9.6]
   170 | D:1      | Reached XP level 2. HP: 12/15 MP: 5/5
   866 | D:1      | Reached skill level 4 in Earth Magic
   866 | D:1      | Reached XP level 3. HP: 19/19 MP: 6/6
  1068 | D:2      | Noticed Jessica
  1076 | D:2      | Killed Jessica
  1077 | D:2      | Reached skill level 3 in Stealth
  1077 | D:2      | Reached skill level 2 in Conjurations
  1264 | D:2      | Reached XP level 4. HP: 24/24 MP: 1/7
  1802 | D:2      | Found a shimmering altar of Xom.
  2970 | D:4      | Reached skill level 3 in Conjurations
  2970 | D:4      | Reached XP level 5. HP: 24/28 MP: 4/8
  3013 | D:4      | Reached skill level 4 in Stealth
  3017 | D:4      | Learned a level 3 spell: Stone Arrow
  3091 | D:4      | Slain by an iguana

Vanquished Creatures
  A hound (D:4)
  Jessica (D:2)
  3 adders
  2 ribbon worms
  2 dart slugs
  4 orcs (D:3)
  3 ball pythons
  7 endoplasms
  2 giant cockroaches (D:1)
  4 goblins
  3 hobgoblins
  5 jackals (D:3)
  3 kobolds (D:1)
  3 quokkas (D:3)
  3 frilled lizards
  3 rats
49 creatures vanquished.

Table legend:
 A = Non-vault XP
 B = Vault XP
 C = Vault XP percentage of total XP
 D = Non-vault monster count
 E = Vault monster count
 F = Vault count percentage of total count
                 A         B        C        D         E       F
            +---------+---------+-------+---------+---------+-------
      Total |     175 |      37 |  17.5 |      48 |       1 |   2.0
            +---------+---------+-------+---------+---------+-------
        D:1 |      35 |       0 |   0.0 |      18 |       0 |   0.0
        D:2 |      28 |      37 |  56.9 |       9 |       1 |  10.0
        D:3 |      51 |       0 |   0.0 |      16 |       0 |   0.0
        D:4 |      61 |       0 |   0.0 |       5 |       0 |   0.0
            +---------+---------+-------+---------+---------+-------

Skill      XL: |  1  2  3  4  5 |
---------------+----------------+-----
Earth Magic    | 4 |  4.8
Stealth        | 3 4 |  4.0
Conjurations   | 2 3 |  3.0
Dodging        | |  1.5
Spellcasting   | |  2.3

Action                     |  1- 3 |  4- 6 || total
---------------------------+-------+-------++-------
  Melee: War axe           |    13 |       ||    13
         Whip              |    40 |    28 ||    68
   Cast: Sandblast         |    15 |    51 ||    66
    Use: Scroll            |       |     4 ||     4
         Potion            |       |     1 ||     1
   Stab: Sleeping          |     3 |       ||     3
 Armour: Robe              |    28 |    45 ||    73
  Dodge: Dodged            |    28 |    37 ||    65

Illustrated notes

Table legend:
 A = Kills in this place as a percentage of kills in the entire game.
 B = Kills by you in this place as a percentage of kills by you in the entire game.
 C = Kills by friends in this place as a percentage of kills by friends in the entire game.
 D = Other kills in this place as a percentage of other kills in the entire game.
 E = Experience gained in this place as a percentage of experience gained in the entire game.
 F = Experience gained in this place divided by the number of levels of this place that you have seen.
                   A       B       C       D       E      F
               +-------+-------+-------+-------+-------+----------------------
         Total | 100.0 | 100.0 |   N/A |   N/A | 100.0 |  53.0
       Dungeon | 100.0 | 100.0 |   N/A |   N/A | 100.0 |  53.0
               +-------+-------+-------+-------+-------+----------------------

Table legend: (Time is in decaauts)
 A = Elapsed time spent in this place.
 B = Non-inter-level travel time spent in this place.
 C = Inter-level travel time spent in this place.
 D = Time resting spent in this place.
 E = Time spent auto-exploring this place.
 F = Levels seen in this place.
 G = Mean time per level.
                   A        B        C        D        E       F      G
               +--------+--------+--------+--------+--------+-----+--------+
         Total |   3134 |   3007 |    127 |    409 |   2167 |   4 |  783.5 |
       Dungeon |   3134 |   3007 |    127 |    409 |   2167 |   4 |  783.5 |
               +--------+--------+--------+--------+--------+-----+--------+

Top non-repeatable levels by time:
     D:3: 1057 daAuts
     D:2: 990 daAuts
     D:1: 929 daAuts
     D:4: 157 daAuts
